[Event "Early Titled Tuesday Blitz | February 8 2022"]
[White "Stankovic, Ivan G"]
[Black "Tregubov, Pavel V."]
[WhiteFideId "902837"]
[BlackFideId "4115341"]
[WhiteElo "2195"]
[BlackElo "2341"]
[Result "1/2-1/2"]
[Round "07"]
[TimeControl "180+1"]
[Date "2022.02.08"]
[WhiteClock "0:00:56"]
[BlackClock "0:00:59"]

1. e4 c5 2. c4 e6 3. Nc3 Nc6 4. g3 g6 5. Bg2 Bg7 6. Nge2 Nge7 7. d3 O-O 8. Be3 Nd4 9. Rb1 d5 10. exd5 exd5 11. cxd5 Bg4 12. O-O Nxe2+ 13. Nxe2 Nxd5 14. Bxc5 Re8 15. Qb3 Nb6 16. Nc3 Qxd3 17. Bxb6 axb6 18. Bxb7 Rab8 19. Bd5 Re7 20. Rfe1 Rd7 21. Qc4 Qxc4 22. Bxc4 Kf8 23. Be2 Be6 24. Rbd1 Rxd1 25. Rxd1 Bxc3 26. bxc3 Bxa2 27. c4 Rc8 28. Rd6 Bxc4 29. Bxc4 Rxc4 30. Rxb6 1/2-1/2


[Site "https://www.chess.com"]

[Event "Early Titled Tuesday Blitz | February 8 2022"]
[White "Sviridov, Valery"]
[Black "Nguyen, Ngoc Truong Son"]
[WhiteFideId "4120680"]
[BlackFideId "12401110"]
[WhiteElo "2454"]
[BlackElo "2596"]
[Result "1-0"]
[Round "07"]
[TimeControl "180+1"]
[Date "2022.02.08"]
[WhiteClock "0:00:20"]
[BlackClock "0:00:08"]

1. g3 Nf6 2. Bg2 g6 3. Nf3 Bg7 4. O-O O-O 5. c4 d6 6. Nc3 e5 7. d4 Nbd7 8. e4 c6 9. h3 Qe7 10. Re1 h6 11. Qc2 Ne8 12. Be3 Nc7 13. Rad1 Ne6 14. d5 cxd5 15. exd5 Nd8 16. b4 a5 17. a3 axb4 18. axb4 f5 19. c5 e4 20. cxd6 Qxd6 21. Nd4 Ne5 22. Ncb5 Qxb4 23. Nc7 Ra3 24. Ndb5 Rxe3 25. Rxe3 Bd7 26. Qb3 Qxb3 27. Rxb3 Ndf7 28. Bf1 Ng5 29. h4 Ngf3+ 30. Kg2 f4 31. Ne6 Bxe6 32. dxe6 Bf6 33. Nd6 fxg3 34. fxg3 Ra8 35. Rb2 Rd8 36. Be2 Ng4 37. Rb3 Nd4 38. Rxd4 1-0


[Site "https://www.chess.com"]

[Event "Early Titled Tuesday Blitz | February 8 2022"]
[White "Szpar, Milosz"]
[Black "Navara, David"]
[WhiteFideId "1184989"]
[BlackFideId "309095"]
[WhiteElo "2447"]
[BlackElo "2686"]
[Result "0-1"]
[Round "07"]
[TimeControl "180+1"]
[Date "2022.02.08"]
[WhiteClock "0:00:41"]
[BlackClock "0:01:08"]

1. e4 c6 2. Nf3 d5 3. d3 dxe4 4. dxe4 Qxd1+ 5. Kxd1 Nd7 6. Nfd2 Nc5 7. f3 e5 8. Nc4 f5 9. exf5 Bxf5 10. Be3 O-O-O+ 11. Nbd2 e4 12. a4 Nf6 13. Kc1 exf3 14. gxf3 Nd5 15. Bf2 Nb4 16. Ne3 Bg6 17. Bh3+ Kb8 18. Bf5 Bxf5 19. Nxf5 g6 20. Ng3 Ncd3+ 21. cxd3 Nxd3+ 22. Kc2 Nxf2 23. Nc4 Nxh1 24. Rxh1 Bg7 25. Ne4 Rhf8 26. Ng5 Rde8 27. Rf1 h6 28. Nh3 Re2+ 0-1


[Site "https://www.chess.com"]

[Event "Early Titled Tuesday Blitz | February 8 2022"]
[White "Tarasova, Viktoriya"]
[Black "Dahanayake, Isara Banidu"]
[WhiteFideId "4175840"]
[BlackFideId "9932631"]
[WhiteElo "2182"]
[BlackElo "1394"]
[Result "1/2-1/2"]
[Round "07"]
[TimeControl "180+1"]
[Date "2022.02.08"]
[WhiteClock "0:00:56"]
[BlackClock "0:00:23"]

1. d4 Nf6 2. c4 g6 3. Nc3 Bg7 4. e4 d6 5. h3 O-O 6. Be3 e5 7. d5 a5 8. g4 Na6 9. Qc2 Nd7 10. O-O-O Ndc5 11. f3 f5 12. exf5 gxf5 13. g5 f4 14. Bxc5 Nxc5 15. h4 Bf5 16. Qd2 e4 17. fxe4 Nxe4 18. Nxe4 Bxe4 19. Rh2 f3 20. Bd3 Bxd3 21. Qxd3 f2 22. Nh3 a4 23. a3 Ra6 24. Rxf2 Rxf2 25. Nxf2 Rb6 26. Rd2 Qf8 27. Qe3 Rb3 28. Qe6+ Kh8 29. h5 Bxb2+ 30. Rxb2 Rxb2 31. Kxb2 Qxf2+ 32. Kb1 Qf1+ 33. Kb2 Qf2+ 34. Kb1 Qf1+ 35. Kb2 Qf2+ 1/2-1/2


[Site "https://www.chess.com"]

[Event "Early Titled Tuesday Blitz | February 8 2022"]
[White "Tay, Junior"]
[Black "Zaichenko, Daria"]
[WhiteFideId "5800439"]
[BlackFideId "4197453"]
[WhiteElo "2216"]
[BlackElo "2039"]
[Result "1-0"]
[Round "07"]
[TimeControl "180+1"]
[Date "2022.02.08"]
[WhiteClock "0:02:06"]
[BlackClock "0:01:14"]

1. Nc3 d5 2. e4 d4 3. Nce2 e5 4. Ng3 c5 5. Nf3 Nc6 6. Bc4 Be7 7. O-O Nf6 8. d3 O-O 9. h3 Qc7 10. Nh4 Nxe4 11. Nxe4 Bxh4 12. Qh5 Be7 13. f4 Be6 14. f5 Bxc4 15. f6 Bd5 16. Qg5 Bxf6 17. Nxf6+ Kh8 18. Qh4 Be4 19. dxe4 gxf6 20. Qxf6+ Kg8 21. Bh6 Qe7 22. Qg7# 1-0


[Site "https://www.chess.com"]

[Event "Early Titled Tuesday Blitz | February 8 2022"]
[White "Ter-Sahakyan, Samvel"]
[Black "Papp, Petra"]
[WhiteFideId "13302531"]
[BlackFideId "739049"]
[WhiteElo "2592"]
[BlackElo "2259"]
[Result "1-0"]
[Round "07"]
[TimeControl "180+1"]
[Date "2022.02.08"]
[WhiteClock "0:00:07"]
[BlackClock "0:00:08"]

1. d4 d6 2. e4 Nf6 3. Nc3 e5 4. dxe5 dxe5 5. Qxd8+ Kxd8 6. Bc4 Be6 7. Bxe6 fxe6 8. f3 Bd6 9. Nh3 Ke7 10. Nf2 Nc6 11. Bd2 a6 12. O-O-O b5 13. Ne2 Nd4 14. Rhe1 c5 15. Nxd4 cxd4 16. Nd3 Nd7 17. Kb1 Nc5 18. Nf2 h5 19. c3 Rac8 20. cxd4 exd4 21. e5 Bb8 22. Bg5+ Kf7 23. Rxd4 Kg6 24. f4 Kf5 25. Nd1 h4 26. Ne3+ Kg6 27. Be7 Na4 28. Rd2 Rc6 29. Rc2 Rxc2 30. Kxc2 Ba7 31. f5+ exf5 32. Nd5 h3 33. gxh3 Nc5 34. Nf4+ Kf7 35. Bxc5 Bxc5 36. e6+ Ke8 37. Re5 Bd6 38. Rxf5 Bxf4 39. Rxf4 Rxh3 40. Rf2 Ke7 41. Re2 g5 42. b3 g4 43. Kb2 g3 44. hxg3 Rxg3 45. Ka3 Rg4 46. Rc2 Kxe6 47. Rc6+ Kd7 48. Rxa6 Kc7 49. Rh6 Rf4 50. Re6 Kb7 51. Kb2 Rf3 52. Ka3 Rf4 53. Rd6 Kc7 54. Rd2 Kb6 55. Kb2 Rf3 56. Kc2 Rg3 57. Rd3 Rg2+ 58. Rd2 Rg3 59. a3 Kc5 60. Rd3 Rg2+ 61. Kc3 Rg1 62. b4+ Kc6 63. Rh3 Rc1+ 64. Kd4 Rd1+ 65. Ke5 Re1+ 66. Kf4 Re2 67. Rc3+ Kb6 68. Re3 Rf2+ 69. Ke5 Rc2 70. Rd3 Rc6 71. Rd6 Kc7 72. Rxc6+ Kxc6 73. Ke6 Kb6 74. Kd6 Ka6 75. Kc5 1-0


[Site "https://www.chess.com"]

[Event "Early Titled Tuesday Blitz | February 8 2022"]
[White "Timofeev, Artyom"]
[Black "Lodici, Lorenzo"]
[WhiteFideId "4140419"]
[BlackFideId "884189"]
[WhiteElo "2583"]
[BlackElo "2265"]
[Result "1/2-1/2"]
[Round "07"]
[TimeControl "180+1"]
[Date "2022.02.08"]
[WhiteClock "0:00:26"]
[BlackClock "0:00:15"]

1. d4 Nf6 2. Nf3 b6 3. Bg5 Bb7 4. Bxf6 gxf6 5. Nbd2 f5 6. g3 Bg7 7. c3 e6 8. Bg2 Nc6 9. Qc2 Ne7 10. Nh4 d5 11. f4 Ng8 12. Nhf3 Nf6 13. Ne5 Ne4 14. Qa4+ Kf8 15. e3 Bxe5 16. dxe5 Nxd2 17. Kxd2 f6 18. exf6 Qxf6 19. Qd4 Ke7 20. b4 Rac8 21. a4 c5 22. Qxf6+ Kxf6 23. Rhb1 Bc6 24. a5 Rc7 25. axb6 axb6 26. bxc5 bxc5 27. Rb6 Ke7 28. Raa6 Bd7 29. c4 dxc4 30. Bf1 Rhc8 31. Bxc4 Rc6 32. Rxc6 Rxc6 33. Ra8 Rc8 34. Ra7 Kd6 35. Kd3 Rb8 36. Kc3 Rb1 37. Ra6+ Ke7 38. Ra7 Kd6 39. Ra6+ Ke7 40. Ra8 Rh1 41. h4 Rg1 42. Rh8 Rxg3 43. Rxh7+ Kd6 44. Kd3 Bc6 45. h5 Be4+ 46. Kd2 Rg2+ 47. Ke1 Rh2 48. h6 Bd5 49. Bb5 c4 50. Rh8 c3 51. Rc8 c2 52. h7 Rxh7 53. Rxc2 Rh1+ 54. Kd2 Rh2+ 55. Kc3 Rxc2+ 56. Kxc2 e5 57. fxe5+ Kxe5 58. Kd2 f4 59. exf4+ Kxf4 1/2-1/2


[Site "https://www.chess.com"]

[Event "Early Titled Tuesday Blitz | February 8 2022"]
[White "Tologon tegin, Semetei"]
[Black "Weetik, Vjacheslav"]
[WhiteFideId "13800574"]
[BlackFideId "4153472"]
[WhiteElo "2258"]
[BlackElo "2469"]
[Result "1-0"]
[Round "07"]
[TimeControl "180+1"]
[Date "2022.02.08"]
[WhiteClock "0:00:16"]
[BlackClock "0:00:04"]

1. e4 c6 2. d3 d5 3. Nc3 Nf6 4. e5 d4 5. Nce2 Ng4 6. f4 Qb6 7. Nf3 Ne3 8. Bxe3 dxe3 9. Qc1 Bg4 10. Nfd4 e6 11. c3 Na6 12. Ng3 g6 13. Ne4 Be7 14. b3 O-O-O 15. Qxe3 Nb4 16. Qd2 Rxd4 17. cxd4 Qxd4 18. Rc1 Nd5 19. Be2 Bb4 20. Rc4 Qa1+ 21. Kf2 Qxh1 22. Rxb4 Qxh2 23. Nd6+ Kd8 24. Nxf7+ Ke7 25. Rxb7+ Kf8 26. Nxh8 Nxf4 27. Bxg4 Qxg2+ 28. Ke3 Qg1+ 29. Ke4 Nd5 30. Qh6+ 1-0


[Site "https://www.chess.com"]

[Event "Early Titled Tuesday Blitz | February 8 2022"]
[White "Triapishko, Alexandr"]
[Black "Saravana, Krishnan P."]
[WhiteFideId "14122286"]
[BlackFideId "5018382"]
[WhiteElo "2479"]
[BlackElo "2210"]
[Result "0-1"]
[Round "07"]
[TimeControl "180+1"]
[Date "2022.02.08"]
[WhiteClock "0:00:02"]
[BlackClock "0:00:20"]

1. d4 Nf6 2. c4 g6 3. h4 c5 4. d5 b5 5. h5 gxh5 6. e4 Nxe4 7. Bd3 Nf6 8. cxb5 a6 9. b6 d6 10. Nc3 Nbd7 11. Nge2 Qxb6 12. Ng3 Ne5 13. Be2 c4 14. Be3 Qxb2 15. Bd4 Qb4 16. Rb1 Qa5 17. f4 Ned7 18. Qd2 Rg8 19. Nf5 Rxg2 20. Qe3 Kd8 21. Kf1 Rg6 22. Bf3 Nc5 23. Nh4 Rg3 24. Re1 Ng4 25. Qe2 Nd3 26. Rb1 Ke8 27. Qe1 Nxe1 28. Rxe1 Rxf3+ 29. Nxf3 Bf5 30. Rxh5 Bd3+ 31. Kg1 Rb8 32. Rxh7 Bxh7 0-1


[Site "https://www.chess.com"]

[Event "Early Titled Tuesday Blitz | February 8 2022"]
[White "Tymrakiewicz, Rafal"]
[Black "Kujawski, Adam"]
[WhiteFideId "1108832"]
[BlackFideId "1100920"]
[WhiteElo "2205"]
[BlackElo "2053"]
[Result "0-1"]
[Round "07"]
[TimeControl "180+1"]
[Date "2022.02.08"]
[WhiteClock "0:00:01"]
[BlackClock "0:00:03"]

1. e4 e5 2. Nc3 Nf6 3. Bc4 Nxe4 4. Qh5 Nd6 5. Bb3 Nc6 6. Nb5 g6 7. Qf3 f5 8. Qd5 Qe7 9. Nxc7+ Kd8 10. Nxa8 b6 11. Nf3 Bg7 12. O-O Bb7 13. Ng5 Rf8 14. Re1 e4 15. Nf3 Nd4 16. Qxd4 Bxd4 17. Nxd4 Bxa8 18. d3 Qf6 19. c3 exd3 20. f3 f4 21. Bd2 Nf5 22. Nxf5 Qxf5 23. c4 Qc5+ 24. Kh1 Qf2 25. Bc3 Bxf3 26. gxf3 Qxf3+ 27. Kg1 Rf5 28. Re5 Rxe5 29. Bxe5 Qe3+ 30. Kf1 Qxe5 31. Re1 Qg5 32. Bd1 Kc7 33. Bf3 Qc5 34. b3 Qd4 35. Re4 Qa1+ 36. Kf2 Qb2+ 0-1


[Site "https://www.chess.com"]

[Event "Early Titled Tuesday Blitz | February 8 2022"]
[White "Vakhlamov, Igor L."]
[Black "Hua, Lefong"]
[WhiteFideId "24126748"]
[BlackFideId "2602253"]
[WhiteElo "2401"]
[BlackElo "2565"]
[Result "1/2-1/2"]
[Round "07"]
[TimeControl "180+1"]
[Date "2022.02.08"]
[WhiteClock "0:00:04"]
[BlackClock "0:00:13"]

1. e4 c5 2. Nf3 g6 3. Nc3 Bg7 4. d4 cxd4 5. Nxd4 Nc6 6. Be3 Nf6 7. Bc4 Qa5 8. O-O O-O 9. Bb3 d6 10. h3 Bd7 11. f4 Nxd4 12. Bxd4 Bc6 13. e5 dxe5 14. fxe5 Ne4 15. e6 f5 16. Bxg7 Kxg7 17. Nxe4 Bxe4 18. Qd4+ Kg8 19. Rad1 Rfd8 20. Qe3 Qb6 21. Qxb6 axb6 22. g4 Kf8 23. g5 Rd6 24. Rxd6 exd6 25. Rd1 Ke7 26. Rd4 Rc8 27. c3 Rc5 28. Rb4 b5 29. Kf2 d5 30. a4 Kxe6 31. axb5 b6 32. h4 Ke5 33. Bd1 Bd3 34. Ra4 Rxb5 35. Ke3 Bc4 36. b4 f4+ 37. Kd2 d4 38. Ra7 Rd5 39. Bf3 dxc3+ 40. Kxc3 Rd3+ 41. Kxc4 Rxf3 42. Rxh7 Rh3 43. Kb5 f3 44. Rf7 Ke4 45. Re7+ Kd3 46. Rd7+ Ke3 47. Re7+ Kd2 48. Rd7+ Ke2 49. Re7+ Kf1 50. Kxb6 Rxh4 51. b5 f2 52. Rf7 Rg4 53. Kc6 Rxg5 54. b6 Rg3 55. b7 Rb3 56. Rf4 g5 57. Rg4 Ke2 58. Rg2 Kf3 59. Rxg5 Rxb7 60. Rf5+ Ke2 61. Rxf2+ Kxf2 62. Kxb7 1/2-1/2


[Site "https://www.chess.com"]

[Event "Early Titled Tuesday Blitz | February 8 2022"]
[White "Vetokhin, Ilia"]
[Black "Brodowski, Piotr"]
[WhiteFideId "24156078"]
[BlackFideId "1124480"]
[WhiteElo "1897"]
[BlackElo "2422"]
[Result "0-1"]
[Round "07"]
[TimeControl "180+1"]
[Date "2022.02.08"]
[WhiteClock "0:00:05"]
[BlackClock "0:01:19"]

1. d4 c5 2. c4 cxd4 3. Qxd4 Nc6 4. Qd1 g6 5. Nf3 Bg7 6. g3 h5 7. h4 d6 8. Bg2 Nf6 9. O-O O-O 10. Nc3 Ng4 11. Bd2 Bd7 12. Rc1 Rc8 13. b3 a6 14. Nd5 b5 15. cxb5 axb5 16. Bc3 f6 17. Nf4 Kh7 18. Qd3 Qe8 19. Nxh5 Bh6 20. Rcd1 Nce5 21. Nxe5 Nxe5 22. Bxe5 fxe5 23. g4 Bxg4 24. Ng3 Kg7 25. Be4 Qf7 26. Qd5 Be6 27. Qd3 Rg8 28. Qxb5 Qf4 29. Bg2 Qxh4 30. Qb7 Kh8 31. a4 Rcf8 32. a5 Rf7 33. a6 Rh7 34. Qe4 Bf4 35. e3 Qh2# 0-1


[Site "https://www.chess.com"]

[Event "Early Titled Tuesday Blitz | February 8 2022"]
[White "Vovk, Orest"]
[Black "Khamdamova, Afruza"]
[WhiteFideId "14113490"]
[BlackFideId "14210444"]
[WhiteElo "2203"]
[BlackElo "1660"]
[Result "1/2-1/2"]
[Round "07"]
[TimeControl "180+1"]
[Date "2022.02.08"]
[WhiteClock "0:00:06"]
[BlackClock "0:00:08"]

1. h4 e5 2. h5 h6 3. Nc3 d5 4. e4 Nf6 5. d4 exd4 6. Qxd4 dxe4 7. Qxd8+ Kxd8 8. Bf4 Bg4 9. Be2 Bxe2 10. Ngxe2 Bc5 11. O-O-O+ Nbd7 12. Nd4 c6 13. Bg3 Re8 14. Nf5 Bf8 15. Rd2 Re6 16. Ne2 c5 17. Nf4 Ra6 18. Rhd1 Ke8 19. a3 Rc8 20. c4 Ne5 21. b3 Rxa3 22. Kb2 Ra6 23. Kc3 g6 24. hxg6 fxg6 25. Ne3 g5 26. Nfd5 Nxd5+ 27. Rxd5 Nd3 28. Nf5 Kf7 29. Bd6 Ke6 30. Bxf8 Rxf8 31. g4 Nf4 32. Rd7 Nd3 33. Re7+ Kf6 34. Rxb7 Nxf2 35. Rdd7 h5 36. Ne3 Nxg4 37. Nd5+ Ke5 38. Re7+ Re6 39. Rxe6+ Kxe6 40. Re7+ Kf5 41. Rxa7 h4 42. Ne7+ Ke6 43. Nd5 e3 44. Re7+ Kd6 45. Rg7 e2 46. Kd2 Re8 47. Ke1 h3 48. Rg6+ Kd7 49. Rxg5 h2 50. Rg7+ Kd6 51. Rh7 Ne3 52. Nxe3 Rxe3 53. Rh6+ Ke5 54. Rxh2 Kd4 55. Rxe2 Rxe2+ 56. Kxe2 Kc3 57. Ke3 Kxb3 58. Kd3 Kb4 59. Kd2 Kxc4 60. Kc2 Kd4 61. Kd2 c4 62. Kc2 c3 63. Kc1 Kd3 64. Kd1 c2+ 65. Kc1 Kc3 1/2-1/2


[Site "https://www.chess.com"]

[Event "Early Titled Tuesday Blitz | February 8 2022"]
[White "Warchol, Kamil"]
[Black "Vifleemskaia, Svetlana"]
[WhiteFideId "21858241"]
[BlackFideId "4129490"]
[WhiteElo "1905"]
[BlackElo "1901"]
[Result "0-1"]
[Round "07"]
[TimeControl "180+1"]
[Date "2022.02.08"]
[WhiteClock "0:00:02"]
[BlackClock "0:00:05"]

1. e4 e5 2. Nf3 Nc6 3. Bc4 Nf6 4. d3 Be7 5. c3 O-O 6. Nbd2 d5 7. exd5 Nxd5 8. Ne4 Nb6 9. Bb3 h6 10. O-O Bg4 11. Qe2 a5 12. a4 Qd7 13. h3 Bh5 14. Ng3 Bg6 15. Rd1 Bf6 16. Ne4 Be7 17. Be3 Rad8 18. Rd2 Nd5 19. Rad1 b6 20. d4 Bxe4 21. dxe5 Qe6 22. Nd4 Nxd4 23. Rxd4 Qxe5 24. Bxh6 Nf6 25. Be3 Bg6 26. Qf3 Bd6 27. Bf4 Qf5 28. Bxd6 Qxf3 29. gxf3 cxd6 30. Rxd6 Rxd6 31. Rxd6 Rb8 32. Kg2 b5 33. Ra6 bxa4 34. Bxa4 Rxb2 35. Rxa5 Ra2 36. c4 Kh7 37. Ra8 Bc2 38. Bxc2+ Rxc2 39. Rc8 Kg6 40. c5 Nd5 41. c6 Kf6 42. Kg3 Ke6 43. Kg4 f5+ 44. Kg5 Rxf2 45. Kg6 Rg2+ 46. Kh7 Kd6 47. Rd8+ Kxc6 48. Rg8 Kd6 49. Rxg7 Rxg7+ 50. Kxg7 Ke6 51. h4 Nf4 52. Kh6 Ke5 53. Kg5 Nh3+ 54. Kg6 Kf4 55. h5 Kxf3 56. h6 Nf4+ 57. Kg7 Ne6+ 58. Kg6 Nf4+ 59. Kg7 Ne6+ 60. Kf7 Ng5+ 61. Kg6 Kg4 62. Kf6 f4 63. Kg6 f3 64. h7 Nxh7 0-1


[Site "https://www.chess.com"]

[Event "Early Titled Tuesday Blitz | February 8 2022"]
[White "Weishaeutel, Moritz"]
[Black "Wahedi, Ahmad Siar"]
[WhiteFideId "12967300"]
[BlackFideId "4651260"]
[WhiteElo "2002"]
[BlackElo "2386"]
[Result "1-0"]
[Round "07"]
[TimeControl "180+1"]
[Date "2022.02.08"]
[WhiteClock "0:00:53"]
[BlackClock "0:02:32"]

1. e4 Nf6 2. Nc3 e6 3. e5 Nd5 4. Nxd5 exd5 5. d4 d6 6. Nf3 c5 7. exd6 Bxd6 8. Bb5+ Nc6 9. O-O O-O 10. dxc5 Bxc5 11. Bd3 Bg4 12. Be2 Bb6 13. Ng5 Bxe2 14. Qxe2 Qf6 15. Qd3 Rad8 16. Qxh7# 1-0


[Site "https://www.chess.com"]

[Event "Early Titled Tuesday Blitz | February 8 2022"]
[White "Xie, Bryan"]
[Black "Lopez Mulet, Inigo"]
[WhiteFideId "30941296"]
[BlackFideId "22235620"]
[WhiteElo "1899"]
[BlackElo "2315"]
[Result "0-1"]
[Round "07"]
[TimeControl "180+1"]
[Date "2022.02.08"]
[WhiteClock "0:00:02"]
[BlackClock "0:01:20"]

1. d4 d6 2. Nf3 Nf6 3. Bf4 g6 4. h3 Bg7 5. e3 O-O 6. Nbd2 b6 7. Be2 Bb7 8. O-O Nbd7 9. c4 Re8 10. Bh2 e5 11. d5 a6 12. e4 Nc5 13. Qc2 a5 14. Rfe1 Nh5 15. Nb3 Nd7 16. Nfd2 Qg5 17. Nf3 Qf6 18. Qd2 a4 19. Nc1 Nc5 20. Bd1 Nf4 21. Rb1 Bc8 22. b4 axb3 23. axb3 Ra3 24. b4 Na6 25. Re3 Rxe3 26. fxe3 Nxh3+ 27. gxh3 Bxh3 28. Qf2 Bh6 29. Rb3 Bd7 30. Qh4 Qxh4 31. Nxh4 Ba4 32. Rd3 Bxd1 33. Rxd1 Bxe3+ 34. Kf1 Nxb4 35. Ng2 Bg5 36. Nd3 Nc2 37. Bg1 f5 38. exf5 gxf5 39. Ke2 Ra8 40. Rb1 Na3 41. Ra1 Ra5 42. Nb2 Nxc4 43. Rxa5 Nxa5 44. Kd3 Kf7 0-1


[Site "https://www.chess.com"]

[Event "Early Titled Tuesday Blitz | February 8 2022"]
[White "Xiong, Jeffery"]
[Black "Kamsky, Gata"]
[WhiteFideId "2047640"]
[BlackFideId "2000024"]
[WhiteElo "2727"]
[BlackElo "2645"]
[Result "1/2-1/2"]
[Round "07"]
[TimeControl "180+1"]
[Date "2022.02.08"]
[WhiteClock "0:00:10"]
[BlackClock "0:00:20"]

1. d4 d5 2. Nf3 Nf6 3. Bf4 Bf5 4. c4 e6 5. Qb3 Nc6 6. e3 Bb4+ 7. Nbd2 a5 8. a3 a4 9. Qd1 Be7 10. c5 Ra5 11. h3 O-O 12. Be2 Qb8 13. Rc1 Rc8 14. Rc3 Ne4 15. Nxe4 Bxe4 16. Nd2 Bg6 17. Qc1 Bf6 18. Nf3 Be4 19. O-O Bxf3 20. Bxf3 Rd8 21. Rd1 Qc8 22. Bg3 Ne7 23. e4 dxe4 24. Bxe4 c6 25. Bd6 Ra8 26. Rf3 Ng6 27. Rdd3 Rd7 28. g3 Be7 29. Bxg6 hxg6 30. Bxe7 Rxe7 31. Qg5 Rd7 32. h4 Rd5 33. Qg4 Qd7 34. Rf4 Rd8 1/2-1/2


[Site "https://www.chess.com"]

[Event "Early Titled Tuesday Blitz | February 8 2022"]
[White "Yonal, Timur"]
[Black "Necula, Iulian"]
[WhiteFideId "44115725"]
[BlackFideId "1232380"]
[WhiteElo "1762"]
[BlackElo "1776"]
[Result "0-1"]
[Round "07"]
[TimeControl "180+1"]
[Date "2022.02.08"]
[WhiteClock "0:00:01"]
[BlackClock "0:01:08"]

1. e4 g6 2. d4 c6 3. g3 d5 4. Bg2 dxe4 5. Bxe4 Nf6 6. Bg2 Bg7 7. Ne2 O-O 8. O-O Re8 9. c3 Nbd7 10. Bf4 Qb6 11. Qc2 Nh5 12. Na3 Nxf4 13. Nxf4 e5 14. Nc4 Qc7 15. dxe5 Nxe5 16. Nxe5 Bxe5 17. Rfe1 Bf5 18. Qa4 Bxf4 19. Qxf4 Qxf4 20. gxf4 Rad8 21. Rxe8+ Rxe8 22. Bf3 Rd8 23. Rd1 Rxd1+ 24. Bxd1 c5 25. Kf1 b6 26. Ke1 f6 27. Kd2 Kf8 28. Ke3 Ke7 29. a3 Kd6 30. c4 Be6 31. Be2 h6 32. Bd3 g5 33. Be2 Bf7 34. Bd3 h5 35. Be2 h4 36. Bd3 Ke7 37. b3 Kf8 38. Be2 Kg7 39. Bd1 Kh6 40. Ke4 Kg6 41. f5+ Kg7 42. Bg4 Kf8 43. Bd1 Ke7 44. h3 Kd6 45. f4 Be8 46. fxg5 fxg5 0-1


[Site "https://www.chess.com"]

[Event "Early Titled Tuesday Blitz | February 8 2022"]
[White "Yoo, Christopher Woojin"]
[Black "Martinovici, Ilia"]
[WhiteFideId "30909694"]
[BlackFideId "13907034"]
[WhiteElo "2105"]
[BlackElo "2303"]
[Result "1-0"]
[Round "07"]
[TimeControl "180+1"]
[Date "2022.02.08"]
[WhiteClock "0:00:02"]
[BlackClock "0:00:02"]

1. e4 c5 2. Nf3 e6 3. c3 Nf6 4. e5 Nd5 5. d4 d6 6. Bc4 cxd4 7. cxd4 Nc6 8. O-O Nb6 9. Bd3 Nb4 10. Be2 dxe5 11. Nxe5 Be7 12. Nc3 O-O 13. Bf3 N4d5 14. Qb3 a5 15. a4 Nb4 16. Rd1 N6d5 17. Be3 b6 18. Nxd5 exd5 19. Rac1 Bf5 20. Nc6 Qd7 21. Bxd5 Nxd5 22. Qxd5 Bd6 23. Ne5 Bxe5 24. dxe5 Qxa4 25. Bxb6 Rab8 26. Bc5 Rfe8 27. Ba3 Rb5 28. Qc6 Reb8 29. Qc7 h6 30. Qe7 Be6 31. Rd8+ Rxd8 32. Qxd8+ Kh7 33. Qd3+ g6 34. Qe3 Qb3 35. Qf4 Qd5 36. Re1 1-0


[Site "https://www.chess.com"]

[Event "Early Titled Tuesday Blitz | February 8 2022"]
[White "Yuan, Qingyu"]
[Black "Ponkratov, Pavel"]
[WhiteFideId "8609772"]
[BlackFideId "4157800"]
[WhiteElo "2359"]
[BlackElo "2487"]
[Result "0-1"]
[Round "07"]
[TimeControl "180+1"]
[Date "2022.02.08"]
[WhiteClock "0:00:24"]
[BlackClock "0:02:35"]

1. Nf3 d5 2. g3 Nf6 3. Bg2 g6 4. b3 Bg7 5. Bb2 O-O 6. c4 e6 7. O-O c5 8. cxd5 exd5 9. d4 Ne4 10. Nbd2 Nc6 11. Rc1 cxd4 12. a3 Nc3 13. Bxc3 dxc3 14. Nb1 d4 15. e3 Bf5 16. Qe1 c2 17. Nbd2 d3 18. e4 Be6 19. Qe3 Qd6 20. b4 Rfd8 21. Ne1 Bb2 22. Nxd3 Qxd3 23. Qxd3 Rxd3 24. Rxc2 Bxa3 25. Nf3 Nxb4 26. Rc7 Rd7 27. Rxd7 Bxd7 28. Ne5 Be6 29. f4 Nc6 30. Nxc6 bxc6 31. f5 gxf5 32. exf5 Bd5 33. Ra1 Bb2 34. Rb1 Bd4+ 35. Kh1 Bxg2+ 36. Kxg2 a5 37. Rd1 c5 38. Rb1 a4 39. Rb7 a3 40. Ra7 Rxa7 0-1


[Site "https://www.chess.com"]

[Event "Early Titled Tuesday Blitz | February 8 2022"]
[White "Zavgorodniy, Sergiy"]
[Black "De Arruda, Leandro Formes"]
[WhiteFideId "14110148"]
[BlackFideId "22722009"]
[WhiteElo "2420"]
[BlackElo "1780"]
[Result "1-0"]
[Round "07"]
[TimeControl "180+1"]
[Date "2022.02.08"]
[WhiteClock "0:00:31"]
[BlackClock "0:00:28"]

1. e4 e5 2. Nf3 Nc6 3. Bb5 a6 4. Bxc6 dxc6 5. O-O Bg4 6. d3 Bd6 7. Be3 Qe7 8. Nbd2 Nf6 9. Re1 h6 10. h3 Bh5 11. Nf1 O-O 12. Ng3 Bg6 13. Nh4 c5 14. Qf3 b6 15. Ngf5 Qe6 16. g4 Nh7 17. Qg3 Rad8 18. Ng2 h5 19. b3 Be7 20. f4 exf4 21. Nxf4 Qf6 22. Nxe7+ Qxe7 23. gxh5 Bxe4 24. dxe4 Qxe4 25. Bxc5 Qxc2 26. Bxf8 Nxf8 27. Rac1 Qxa2 28. h6 g6 29. Qg5 Rd2 30. Qf6 Rh2 31. Qg7# 1-0


[Site "https://www.chess.com"]

[Event "Early Titled Tuesday Blitz | February 8 2022"]
[White "Zhigalko, Sergei"]
[Black "Pakleza, Zbigniew"]
[WhiteFideId "13502956"]
[BlackFideId "1119290"]
[WhiteElo "2662"]
[BlackElo "2467"]
[Result "0-1"]
[Round "07"]
[TimeControl "180+1"]
[Date "2022.02.08"]
[WhiteClock "0:00:02"]
[BlackClock "0:00:15"]

1. e4 d6 2. d4 Nf6 3. Nc3 c6 4. Nf3 Bg4 5. h3 Bh5 6. Be2 e6 7. O-O d5 8. Ne5 Bxe2 9. Qxe2 Nbd7 10. exd5 cxd5 11. Bg5 Be7 12. Bxf6 Bxf6 13. f4 O-O 14. Kh1 Rc8 15. Nd1 Nxe5 16. fxe5 Bg5 17. c3 Qd7 18. Nf2 b5 19. Nd3 Be7 20. Rf3 a5 21. Raf1 b4 22. Nf4 g6 23. Qf2 bxc3 24. bxc3 Bg5 25. Rg3 Bxf4 26. Qxf4 Qe7 27. h4 Rc7 28. h5 Rfc8 29. Rff3 Qf8 30. Kh2 a4 31. Qh4 Qg7 32. h6 Qf8 33. Qg5 Qe7 34. Qf4 a3 35. Kh3 Rc6 36. Qd2 Qb7 37. Qf4 Qe7 38. Qc1 Rb8 39. Qf1 Rb2 40. Rf2 Rcb6 41. Rgf3 Rxf2 42. Qxf2 Rb2 43. Qe1 Rxa2 44. Qc1 Rb2 45. Qa1 Rb3 46. Qa2 Qb7 47. Qf2 Rb2 48. Qh4 Qc8 49. Qf6 Qf8 50. Kg4 Qxh6 51. Qe7 Qf8 52. Qh4 h5+ 53. Kg3 Qg7 54. Rf1 Rb8 55. Qe7 Ra8 56. Ra1 Qf8 57. Qb7 Qb8 58. Qxb8+ Rxb8 59. Rxa3 Rb2 60. Kf3 Kg7 61. g3 g5 62. Ra7 Rc2 63. Rc7 Kg6 64. Ke3 Rg2 65. Kf3 Rc2 66. Ke3 g4 67. Rc8 Rg2 68. Rg8+ Kh7 69. Rf8 Kg7 70. Rc8 Rxg3+ 71. Kf4 Rf3+ 72. Kg5 g3 73. Ra8 g2 74. Ra1 Rg3+ 75. Kh4 g1=Q 0-1


[Site "https://www.chess.com"]

[Event "Early Titled Tuesday Blitz | February 8 2022"]
[White "parintele_chess"]
[Black "Jaskolka, Tomasz"]
[BlackFideId "1170791"]
[WhiteElo "2241"]
[BlackElo "2054"]
[Result "0-1"]
[Round "07"]
[TimeControl "180+1"]
[Date "2022.02.08"]
[WhiteClock "0:00:03"]
[BlackClock "0:00:03"]

1. d4 Nf6 2. Nc3 e6 3. Bg5 d5 4. e3 Be7 5. Bd3 h6 6. Bf4 O-O 7. g4 c5 8. Nb5 Na6 9. c3 Qb6 10. a4 c4 11. Bc2 Bd7 12. g5 hxg5 13. Bxg5 Bxb5 14. axb5 Qxb5 15. Bxf6 Bxf6 16. Qh5 Rfe8 17. Rb1 g6 18. Bxg6 fxg6 19. Qxg6+ Bg7 20. Nf3 Re7 21. Ng5 Qe8 22. Qh7+ Kf8 23. Rg1 Nc7 24. Rg4 e5 25. dxe5 Bxe5 26. Qf5+ Kg8 27. Ne6+ Bg7 28. Ng5 Re5 29. Qh7+ Kf8 30. Rf4+ Ke7 31. Rf7+ Kd6 32. Qxg7 Ne6 33. Rd7+ Qxd7 0-1


[Site "https://www.chess.com"]